 Dungeon Crawl Stone Soup version 0.21-a0-84-g85d6d27 (webtiles) character file.

126220 Axe the Shatterer (level 16, -8/167 HPs)
             Began as an Ogre Berserker on June 28, 2017.
             Was a High Priest of Trog.
             Mangled by a seven-headed hydra (13 damage)
             ... on level 3 of the Swamp.
             The game lasted 01:13:24 (31799 turns).

Axe the Shatterer (Ogre Berserker)                 Turns: 31799, Time: 01:13:24

Health: -8/167     AC: 11    Str: 36    XL:     16   Next: 98%
Magic:  14/14      EV: 16    Int:  8    God:    Trog [*****.]
Gold:   611        SH:  4    Dex: 10    Spells: 15/15 levels left

rFire    . . .     SeeInvis +   D - +7 giant spiked club (freeze)
rCold    + . .     Gourm    .   (shield currently unavailable)
rNeg     + + .     Faith    .   w - +0 swamp dragon scales
rPois    +         Spirit   .   e - +0 mask of the Dragon {MR+ Slay+3 SInv}
rElec    .         Reflect  .   r - +2 cloak of the Thief {+Fog Slay-2 SInv Stlth+}
rCorr    .         Harm     .   (gloves unavailable)
MR       ++...                  (boots unavailable)
Stlth    ..........             a - amulet "Leecvot" {rN++ Regen+ Str+4 Stlth-}
HPRegen  0.77/turn              k - +5 ring of slaying
MPRegen  0.14/turn              x - +3 ring of evasion

@: no status effects
A: unfitting armour, hooves 1, large bone plates 1, agile 1, cold resistance 1,
deterioration 1, low mp 1, strong 1, tough skin 1
a: Berserk, Trog's Hand, Brothers in Arms, Burn Spellbooks, Renounce Religion,
Evoke Fog


You were on level 3 of the Swamp.
You worshipped Trog.
Trog was extremely pleased with you.
You were full.

You visited 4 branches of the dungeon, and saw 27 of its levels.
You also visited: Ice Cave.

You collected 2790 gold pieces.
You spent 2179 gold pieces at shops.

Inventory:

Hand Weapons
 v - a +0 giant club
 D - a +7 giant spiked club of freezing (weapon)
Missiles
 z - 2 large rocks (quivered)
Armour
 c - the +1 robe "Cegasch" {+Inv rElec Int+4 Slay+2}
   (You bought it in a shop on level 2 of the Orcish Mines)

   It affects your intelligence (+4).
   It affects your accuracy and damage with ranged weapons and melee attacks
   (+2).
   It insulates you from electricity.
   It lets you turn invisible.
 e - the +0 mask of the Dragon (worn) {MR+ Slay+3 SInv}
   (You acquired it on level 3 of the Lair of Beasts)

   It affects your accuracy and damage with ranged weapons and melee attacks
   (+3).
   It affects your resistance to hostile enchantments.
   It lets you see invisible.
 r - the +2 cloak of the Thief (worn) {+Fog Slay-2 SInv Stlth+}
   (You acquired it on level 3 of the Lair of Beasts)

   It affects your accuracy and damage with ranged weapons and melee attacks
   (-2).
   It lets you see invisible.
   It makes you more stealthy.
 w - +0 swamp dragon scales (worn)
Jewellery
 a - the amulet "Leecvot" (around neck) {rN++ Regen+ Str+4 Stlth-}
   (You bought it in a shop on level 2 of the Orcish Mines)

   [amulet of regeneration]

   It affects your strength (+4).
   It greatly protects you from negative energy.
   It increases your rate of regeneration.
   It makes you less stealthy.
 b - the amulet "Uzoresch" {Gourm +Blink rPois rN+}
   (You bought it in a shop on level 2 of the Orcish Mines)

   [amulet of the gourmand]

   It allows you to eat raw meat even when not hungry.
   It protects you from poison.
   It protects you from negative energy.
   It lets you blink.
 k - a +5 ring of slaying (left hand)
 t - an uncursed ring of wizardry {unknown}
 x - a +3 ring of evasion (right hand)
Wands
 u - a wand of digging (10/24)
Scrolls
 f - 3 scrolls of identify
 o - a scroll of teleportation
 s - 5 scrolls of recharging
 C - 7 scrolls of remove curse
 E - 3 scrolls of fear
 F - 6 scrolls of magic mapping
 J - a scroll of holy word
 N - 3 scrolls of summoning
 R - a scroll of brand weapon
 S - 3 scrolls of enchant armour
Potions
 g - 3 potions of brilliance
 h - 7 potions of heal wounds
 i - 4 potions of haste
 j - 3 potions of magic
 m - 8 potions of lignification
 n - a potion of might
 p - 4 potions of flight
 B - 5 potions of curing
 H - a potion of cancellation
 I - 4 potions of mutation
 L - 6 potions of agility
 P - a potion of berserk rage
 V - 2 potions of ambrosia
Books
 A - a book of Minor Magic

   Spells                             Type                      Level
   a - Magic Dart                     Conjuration                  1
   b - Blink                          Translocation                2
   c - Call Imp                       Summoning                    2
   d - Slow                           Hexes                        2
   e - Conjure Flame                  Conjuration/Fire             3
   f - Mephitic Cloud                 Conjuration/Poison/Air       3
   Trog disapproves of the use of such an item.
 G - a book of Changes

   Spells                             Type                      Level
   a - Beastly Appendage              Transmutation                1
   b - Sticks to Snakes               Transmutation                2
   c - Spider Form                    Transmutation/Poison         3
   d - Ice Form                       Ice/Transmutation            4
   e - Blade Hands                    Transmutation                5
   Trog disapproves of the use of such an item.
 O - a book of Minor Magic

   Spells                             Type                      Level
   a - Magic Dart                     Conjuration                  1
   b - Blink                          Translocation                2
   c - Call Imp                       Summoning                    2
   d - Slow                           Hexes                        2
   e - Conjure Flame                  Conjuration/Fire             3
   f - Mephitic Cloud                 Conjuration/Poison/Air       3
   Trog disapproves of the use of such an item.
 X - a book of Ice

   Spells                             Type                      Level
   a - Ice Form                       Ice/Transmutation            4
   b - Metabolic Englaciation         Hexes/Ice                    5
   c - Ozocubu's Refrigeration        Ice                          6
   d - Bolt of Cold                   Conjuration/Ice              6
   e - Freezing Cloud                 Conjuration/Ice/Air          6
   f - Simulacrum                     Ice/Necromancy               6
   Trog disapproves of the use of such an item.
Comestibles
 d - 14 meat rations
 l - 6 royal jellies
 q - 6 bread rations
 K - 2 chunks of flesh


   Skills:
 + Level 12.5 Fighting
 - Level 22.0 Maces & Flails
 * Level 2.6 Armour
 - Level 10.5 Dodging


You had 15 spell levels left.
You didn't know any spells.

Dungeon Overview and Level Annotations

Branches:
Dungeon (15/15)              Lair (6/6) D:8           Swamp (4/4) Lair:2
 Spider (0/4) Lair:4        Slime (0/5) Lair:5          Orc (2/2) D:12
    Elf (0/3) Orc:2        Vaults (0/5) D:14
 Temple: D:4-7       Depths: D:15

Altars:
Elyvilon
Fedhas
Makhleb
Sif Muna
Trog
Vehumet
Xom
Jiyva

Shops:
D:7 (   D:10 *   Orc:2 =%([


Innate Abilities, Weirdness & Mutations

You are too large for most types of armour.
You have tough skin. (AC +1)
You have large cloven feet.
You are partially covered in large bone plates. (SH +4)
You are agile. (Dex +2)
Your flesh is cold resistant. (rC+)
Your body sometimes deteriorates upon taking damage.
Your magical capacity is low. (-10% MP)
Your muscles are strong. (Str +2)


Message History

* * * LOW HITPOINT WARNING * * *
The seven-headed hydra completely misses you.
The seven-headed hydra closely misses you.
The spriggan rider hits you from afar with a spear!!
* * * LOW HITPOINT WARNING * * *
A mysterious force pulls you upwards. The hatch slams shut behind you.
Unknown command.
Unknown command.
Unknown command.
Unknown command.
As you read the scroll of fear, it crumbles to dust.
You assume a fearsome visage.
The seven-headed hydra easily resists.
The six-headed hydra looks frightened!
The seven-headed hydra bites you!
* * * LOW HITPOINT WARNING * * *
The seven-headed hydra bites you!
* * * LOW HITPOINT WARNING * * *
The seven-headed hydra bites you.
* * * LOW HITPOINT WARNING * * *
The seven-headed hydra bites you!
You die...

≈..≈≈.≈.♣ ♣..♣
≈..♣...♣♣ ♣≈.♣♣
..≈.≈≈♣♣ ♣♣..♣
.≈≈..♣♣ ♣..♣
.≈≈≈♣♣ ♣..♣♣ .≈.≈♣
♣.≈.♣ ≈..♣♣ ♣♣≈D♣♣
..♣♣ ♣D≈≈♣ ...♣
♣♣@≈♣ .≈.♣ ♣♣♣♣
≈≈.♣ ≈≈.♣♣ ≈≈..♣
≈♣≈.♣ ≈≈≈.♣ ♣♣♣♣♣
≈≈≈.♣♣♣♣♣♣♣♣.♣.♣♣♣
(≈≈....♣♣.♣......♣


You could see a seven-headed hydra and a six-headed hydra (fleeing).

Vanquished Creatures
  2 tentacled monstrosities
  Donald (Orc:2)
  A thorn hunter (Swamp:1)
  A frost giant (IceCv)
  2 very ugly things
  Azrael (D:13)
  A fire dragon (Lair:6)
  2 vault guards (D:14)
  9 hydras
  2 centaur warriors (D:14)
  A ghost crab (Swamp:3)
  A death knight (D:15)
  3 two-headed ogres
  9 alligators
  9 death yaks
  4 orc high priests
  Nergalle (Lair:1)
  2 fire crabs (Lair:6)
  5 shambling mangroves
  3 unseen horrors
  5 swamp dragons
  Pikel (D:4)
  5 orc knights
  A wolf spider (D:15)
  A deep elf mage (D:14)
  3 necromancers (D:14)
  A manticore (D:11)
  6 orc sorcerers
  Maurice (D:12)
  6 elephants (Lair:6)
  9 black mambas
  2 molten gargoyles
  A gargoyle (D:14)
  16 spiny frogs
  An efreet (D:13)
  6 yaktaurs
  6 komodo dragons
  A freezing wraith (D:12)
  A kobold demonologist (D:11)
  9 rime drakes
  8 trolls
  9 hornets
  15 polar bears
  7 tyrant leeches
  7 blink frogs (Lair:5)
  Grinder (D:3)
  16 slime creatures
  3 dream sheep (Lair:6)
  9 hippogriffs
  10 bog bodies
  4 shadows
  8 spriggans
  4 wyverns
  19 humans (D:14)
  6 basilisks
  A fire bat (shapeshifter) (D:14)
  2 steam dragons
  4 wargs
  28 yaks
  6 fire elementals (D:13)
  5 vampire mosquitoes
  4 hungry ghosts
  3 insubstantial wisps (Swamp:2)
  A soldier ant (D:13)
  11 swamp worms
  12 water moccasins
  A porcupine (Lair:2)
  5 hell hounds
  21 orc warriors
  4 swamp drakes
  An ice beast (D:11)
  4 sky beasts
  2 black bears
  3 slaves
  A phantom (D:8)
  12 ogres
  28 wolves
  3 centaurs
  16 crocodiles
  7 big kobolds
  12 bullfrogs
  2 wyvern skeletons
  6 scorpions
  8 killer bees
  20 wights
  2 howler monkeys
  10 crimson imps
  3 centaur zombies
  5 lava snakes (Lair:6)
  A quasit (D:8)
  6 centaur skeletons
  4 hounds
  34 orc wizards
  18 orc priests
  6 jellies
  A bullfrog skeleton (D:12)
  Natasha (twice) (D:3)
  12 iguanas
  8 worker ants
  A killer bee zombie (D:10)
  A hound zombie (D:6)
  2 hound skeletons
  A worker ant zombie (D:3)
  9 adders
  A howler monkey skeleton (D:7)
  3 shadow imps
  2 oozes
  5 adder skeletons
  2 worms
  A dart slug (D:1)
  A leopard gecko (D:2)
  53 orcs
  A ball python (D:3)
  3 bats
  4 giant cockroaches
  5 goblins
  4 hobgoblins
  11 jackals
  6 quokkas
  4 frilled lizards
  35 kobolds
  7 rats
  A briar patch (Swamp:1)
  2 fungi
778 creatures vanquished.

Vanquished Creatures (collateral kills)
  Rupert (Orc:2)
  An orc knight (Orc:2)
  4 dream sheep (Lair:6)
  3 orc warriors (Orc:2)
  An orc priest (Orc:2)
  3 orc wizards (Orc:2)
13 creatures vanquished.

Vanquished Creatures (others)
  Nikola (Swamp:2)
  The ghost of sscrono2 the Covert, a journeyman OpAK of Lugonu (IceCv)
  A bog body (Swamp:2)
  2 polar bears (IceCv)
  A slave (D:6)
  An orc (D:13)
  3 briar patches (Swamp:1)
  12 fungi
  A plant (Lair:6)
23 creatures vanquished.

Grand Total: 814 creatures vanquished

Notes
Turn   | Place    | Note
-------+----------+-------------------------------------------
     0 | D:1      | Axe the Ogre Berserker began the quest for the Orb.
     0 | D:1      | Reached XP level 1. HP: 24/24 MP: 1/1
   107 | D:1      | Reached skill level 3 in Maces & Flails
   107 | D:1      | Reached XP level 2. HP: 23/33 MP: 2/2
   621 | D:1      | Reached XP level 3. HP: 27/40 MP: 3/3
   906 | D:2      | Reached ** piety under Trog
   959 | D:2      | Reached skill level 5 in Fighting
  1641 | D:3      | Reached XP level 4. HP: 50/50 MP: 4/4
  1647 | D:3      | Noticed Grinder
  1659 | D:3      | Killed Grinder
  1659 | D:3      | Reached skill level 4 in Maces & Flails
  1659 | D:3      | Reached XP level 5. HP: 61/61 MP: 5/5
  1659 | D:3      | Reached XP level 6. HP: 68/68 MP: 6/6
  1887 | D:3      | Noticed Natasha
  1922 | D:3      | Killed Natasha
  1922 | D:3      | Reached skill level 5 in Maces & Flails
  2198 | D:3      | Noticed Natasha
  2208 | D:3      | Killed Natasha
  2476 | D:4      | Noticed a slave
  2498 | D:3      | Killed a slave
  2663 | D:4      | Noticed a slave
  2663 | D:4      | Noticed a slave
  2664 | D:4      | Noticed Pikel
  2664 | D:4      | Noticed a slave
  2688 | D:3      | Killed a slave
  3256 | D:4      | Reached XP level 7. HP: 29/79 MP: 7/7
  3811 | D:4      | Killed Pikel
  3811 | D:4      | Reached skill level 6 in Maces & Flails
  3811 | D:4      | Reached XP level 8. HP: 92/92 MP: 8/8
  4078 | D:5      | Entered Level 5 of the Dungeon
  4264 | D:5      | Reached skill level 10 in Fighting
  4264 | D:5      | Reached skill level 7 in Maces & Flails
  4379 | D:5      | Found a white marble altar of Elyvilon.
  5012 | D:6      | Reached *** piety under Trog
  5159 | D:6      | Reached skill level 8 in Maces & Flails
  5159 | D:6      | Reached XP level 9. HP: 100/102 MP: 9/9
  5203 | D:6      | Received a gift from Trog
  5996 | D:6      | Got an ebony falchion {speed}
  6403 | D:7      | Killed an unseen horror
  6403 | D:7      | Reached skill level 9 in Maces & Flails
  6881 | D:7      | Found a burning altar of Makhleb.
  7053 | D:7      | Found Afa Rov's Antique Weapon Shop.
  7056 | D:7      | Bought a runed giant spiked club for 151 gold pieces
  7134 | D:7      | Found a radiant altar of Vehumet.
  7136 | D:7      | Found a white marble altar of Elyvilon.
  7136 | D:7      | Found a shimmering altar of Xom.
  7141 | D:7      | Found a deep blue altar of Sif Muna.
  7141 | D:7      | Found a bloodstained altar of Trog.
  7141 | D:7      | Found a blossoming altar of Fedhas.
  7168 | D:7      | Reached skill level 10 in Maces & Flails
  7168 | D:7      | Reached XP level 10. HP: 94/115 MP: 10/10
  7349 | D:8      | Reached **** piety under Trog
  7602 | D:8      | Found a staircase to the Lair.
  7862 | D:8      | Noticed a two-headed ogre
  7869 | D:8      | Killed a two-headed ogre
  7869 | D:8      | Reached skill level 11 in Maces & Flails
  7956 | D:8      | Killed an unseen horror
  8227 | D:8      | Noticed a two-headed ogre
  8234 | D:8      | Killed a two-headed ogre
  8944 | D:8      | Reached skill level 5 in Dodging
  9025 | D:8      | Reached XP level 11. HP: 112/123 MP: 11/11
  9204 | D:9      | Reached skill level 12 in Maces & Flails
  9810 | D:10     | Entered Level 10 of the Dungeon
  9934 | D:10     | Found Xikong's Assorted Antiques.
  9945 | D:10     | Bought a scroll labeled KYUNOSSUNT for 29 gold pieces
  9945 | D:10     | Bought a scroll labeled VIN ITOUZUNTIU for 29 gold pieces
  9945 | D:10     | Bought a green potion for 26 gold pieces
  9945 | D:10     | Bought a fizzy green potion for 26 gold pieces
  9945 | D:10     | Bought a cyan potion for 26 gold pieces
  9945 | D:10     | Bought a scroll labeled DUITOU ID FIEH for 29 gold pieces
  9945 | D:10     | Bought a runed robe for 107 gold pieces
  9999 | D:10     | Reached ***** piety under Trog
 10060 | D:10     | Gained mutation: You have large cloven feet. [mutagenic meat]
 10061 | D:10     | Gained mutation: Your body sometimes deteriorates upon taking damage. [mutagenic meat]
 10062 | D:10     | Gained mutation: Your magical capacity is low. (-10% MP) [mutagenic meat]
 10063 | D:10     | Gained mutation: Your flesh is cold resistant. (rC+) [mutagenic meat]
 10858 | D:11     | Noticed a manticore
 10868 | D:11     | Killed a manticore
 10940 | D:11     | Reached skill level 13 in Maces & Flails
 10986 | D:11     | Gained mutation: Your muscles are strong. (Str +2) [mutagenic meat]
 10987 | D:11     | Gained mutation: You are agile. (Dex +2) [mutagenic meat]
 10988 | D:11     | Gained mutation: You are partially covered in large bone plates. (SH +4) [mutagenic meat]
 11105 | D:11     | Got an encrusted battleaxe
 11770 | Lair:1   | Entered Level 1 of the Lair of Beasts
 12524 | Lair:1   | Noticed Nergalle
 12533 | Lair:1   | Killed Nergalle
 12533 | Lair:1   | Received a gift from Trog
 12533 | Lair:1   | Reached XP level 12. HP: 132/132 MP: 10/10
 12780 | Lair:2   | Noticed a five-headed hydra
 12786 | Lair:2   | Killed a five-headed hydra
 13063 | Lair:2   | Reached skill level 14 in Maces & Flails
 13591 | Lair:2   | Found a staircase to the Swamp.
 13708 | Lair:2   | Noticed a six-headed hydra
 13718 | Lair:2   | Killed a six-headed hydra
 14153 | Lair:3   | Found a frozen archway.
 14167 | IceCv    | Entered an ice cave
 14228 | IceCv    | Killed sscrono2's ghost
 14399 | IceCv    | Reached skill level 15 in Maces & Flails
 14665 | IceCv    | Reached XP level 13. HP: 119/140 MP: 11/11
 14832 | IceCv    | Noticed a frost giant
 14847 | IceCv    | Killed a frost giant
 15177 | Lair:3   | Identified 3 scrolls of acquirement
 15377 | Lair:3   | Received a gift from Trog
 15941 | Lair:4   | Found a hole to the Spider Nest.
 16674 | Lair:5   | Reached skill level 16 in Maces & Flails
 16829 | Lair:5   | Reached skill level 10 in Dodging
 17285 | Lair:5   | Found a runed door.
 17287 | Lair:5   | Found a viscous altar of Jiyva.
 17288 | Lair:5   | Found a staircase to the Slime Pits.
 17317 | Lair:6   | Entered Level 6 of the Lair of Beasts
 17728 | Lair:6   | Got a crude short sword
 18230 | Lair:6   | Found a large runed door.
 18236 | Lair:6   | Noticed a fire dragon
 18321 | Lair:6   | Reached XP level 14. HP: 129/149 MP: 12/12
 18701 | Lair:6   | Reached skill level 17 in Maces & Flails
 20026 | Lair:6   | Found a large runed door.
 20073 | Lair:6   | Received a gift from Trog
 20309 | Lair:1   | Reached skill level 18 in Maces & Flails
 21121 | D:12     | Found a staircase to the Orcish Mines.
 21232 | D:12     | Noticed Maurice
 21238 | D:12     | Killed Maurice
 21834 | D:13     | Noticed Azrael
 21839 | D:13     | Killed Azrael
 22510 | D:14     | Received a gift from Trog
 22827 | D:14     | Reached XP level 15. HP: 157/157 MP: 13/13
 23166 | D:14     | Reached skill level 19 in Maces & Flails
 23439 | D:14     | Found a gate to the Vaults.
 23642 | D:15     | Entered Level 15 of the Dungeon
 23922 | Orc:1    | Entered Level 1 of the Orcish Mines
 24380 | Orc:2    | Entered Level 2 of the Orcish Mines
 24536 | Orc:2    | Received a gift from Trog
 24772 | Orc:2    | Found a staircase to the Elven Halls.
 24969 | Orc:2    | Noticed Rupert
 24987 | Orc:2    | Killed Rupert
 25206 | Orc:2    | Noticed Donald
 25212 | Orc:2    | Killed Donald
 25216 | Orc:2    | Reached skill level 20 in Maces & Flails
 25225 | Orc:2    | Found Xuicotio's Jewellery Shoppe.
 26295 | Orc:2    | Found Doelel's Food Shoppe.
 26315 | Orc:2    | Found Qyssoam's Antique Armour Shop.
 26315 | Orc:2    | Found Byrchelut's Antique Weapon Shop.
 26356 | Orc:2    | Bought a runed troll leather armour for 360 gold pieces
 26377 | Orc:2    | Bought the amulet "Uzoresch" {Gourm +Blink rPois rN+} for 628 gold pieces
 26536 | Orc:2    | Bought a twisted robe for 114 gold pieces
 26546 | Orc:2    | Identified the +1 robe "Cegasch" {+Inv rElec Int+4 Slay+2} (You bought it in a shop on level 2 of the Orcish Mines)
 26579 | Orc:2    | Bought the amulet "Leecvot" {rN++ Regen+ Str+4 Stlth-} for 654 gold pieces
 26842 | Swamp:1  | Entered Level 1 of the Swamp
 26861 | Swamp:1  | HP: 2/157 [large slime creature (42)]
 27302 | Swamp:1  | Noticed a thorn hunter
 27388 | Swamp:1  | Reached XP level 16. HP: 162/165 MP: 14/14
 27693 | Swamp:1  | Killed a thorn hunter
 28260 | Swamp:2  | Reached skill level 21 in Maces & Flails
 28461 | Swamp:2  | Noticed Nikola
 28489 | Swamp:2  | Killed Nikola
 29036 | Swamp:2  | Received a gift from Trog
 29097 | Swamp:2  | Noticed a tentacled monstrosity
 29107 | Swamp:2  | Killed a tentacled monstrosity
 29254 | Swamp:2  | Received a gift from Trog
 30280 | Swamp:3  | Noticed a tentacled monstrosity
 30284 | Swamp:3  | Killed a tentacled monstrosity
 30305 | Swamp:3  | Reached skill level 22 in Maces & Flails
 30699 | Swamp:3  | Reached skill level 1 in Armour
 31632 | Swamp:4  | Entered Level 4 of the Swamp
 31799 | Swamp:3  | HP: 8/167 [seven-headed hydra (8)]
 31799 | Swamp:3  | Mangled by a seven-headed hydra

Vault maps used:
D:1:      shiori_arrival_oz
D:2:      minmay_misc_feat_diagonals
D:3:      first_bread, minmay_cupped, uniq_natasha, uniq_grinder
D:4:      uniq_pikel
D:5:      minmay_temple_entry_from_below_a, elyvilon_altar_5
D:6:      st_stairs_9
D:7:      kennysheep_mini_moat, serial_shops, nicolae_shop_behind_doors,
          the_bakery, doesnt_xom_only_xom
D:8:      erik_lair_orcish_takeover
D:10:     serial_shops, shop
D:12:     orc_0_dummy, st_stairs_5, uniq_maurice
D:13:     uniq_azrael
D:14:     grunt_vaults_entry_tiered, kennysheep_generic_room_15
D:15:     grunt_enter_depths_snipers, minivault_19
Lair:1:   uniq_nergalle
Lair:2:   swamp_mist_pool
Lair:3:   portal_ice_cave_rime
Lair:4:   dummy_spider_entry
Lair:5:   slime_altar_2
Lair:6:   cheibrodos_lair_end_hotspot, minivault_26, guppyfry_lair_drakes
Swamp:1:  serial_swamp_ruin, evilmike_swamp_ruin_rubble_1,
          evilmike_swamp_ruin_wall
Swamp:2:  nicolae_swamp_fairy_circle, swamp_pool4, uniq_nikola
Swamp:3:  cheibrodos_swamp_monstrosity, infiniplex_staircase_pool
Swamp:4:  grunt_swamp_rune_castle
Orc:2:    st_orc_elflike, uniq_rupert, uniq_donald
IceCv:    ice_cave_caverns_03

Skill      XL: |  1  2  3  4  5  6  7  8  9 10 11 12 13 14 15 16 |
---------------+-------------------------------------------------+-----
Maces & Flails | 3 4 5 6 8 10 11 13 15 16 18 20 22 | 22.0
Fighting       | 5 6 7 9 10 11 12 | 12.5
Dodging        | 5 7 9 10 | 10.5
Armour         | 2 |  2.6

Action                   |  1- 3 |  4- 6 |  7- 9 | 10-12 | 13-15 | 16-18 || total
-------------------------+-------+-------+-------+-------+-------+-------++-------
Melee: Mace              |   118 |    40 |       |       |       |       ||   158
       Flail             |       |    79 |   241 |    93 |       |       ||   413
       Dire flail        |       |       |       |   128 |       |       ||   128
       Morningstar       |       |       |       |   288 |   594 |       ||   882
       Kick              |       |       |       |    91 |   296 |    66 ||   453
       Giant spiked club |       |       |       |       |   229 |   200 ||   429
Throw: Javelin           |       |       |       |    13 |     3 |       ||    16
       Large rock        |       |       |       |       |       |     9 ||     9
Invok: Berserk           |     1 |     4 |     6 |    10 |     6 |     4 ||    31
       Trog's Hand       |       |     2 |     2 |     4 |    10 |     2 ||    20
       Burn Spellbooks   |       |       |       |     1 |       |       ||     1
       Brothers in Arms  |       |       |       |       |     3 |       ||     3
Evoke: Wand              |       |       |       |     7 |       |       ||     7
  Use: Scroll            |       |       |     7 |     4 |    34 |     7 ||    52
       Potion            |       |       |     3 |     1 |     2 |     1 ||     7
 Stab: Sleeping          |       |       |       |       |     4 |       ||     4
       Distracted        |       |       |       |       |     1 |       ||     1
  Eat: Chunk             |     3 |     5 |    17 |    34 |    42 |    20 ||   121
       Bread ration      |       |     1 |       |       |       |       ||     1
       Royal jelly       |       |       |     1 |       |     2 |       ||     3
       Fruit             |       |       |       |     4 |    12 |       ||    16
       Meat ration       |       |       |       |     1 |       |       ||     1
Armor: Animal skin       |    36 |    17 |    59 |    39 |       |       ||   151
       Skin              |       |       |       |    49 |       |       ||    49
       Robe              |       |       |       |    70 |   104 |    16 ||   190
       Swamp dragon scal |       |       |       |       |       |    16 ||    16
Dodge: Dodged            |    68 |    46 |   102 |   238 |   415 |   130 ||   999
Block: Other             |       |       |       |    33 |    99 |    28 ||   160
